 Dungeon Sprint DCSS version 0.22-a0-362-g535178c5c5 (webtiles) character file.

24373 KillingSpree the Bludgeoner (level 12, 0/129 HPs)
             Began as a Deep Dwarf Fighter on Apr 20, 2018.
             Was the Champion of Makhleb.
             Killed from afar by a fire giant (illusionary) (28 damage)
             ... with a bolt of fire
             ... in the Dungeon (Sprint IX: "|||||||||||||||||||||||||||||").
             The game lasted 00:07:18 (2722 turns).

KillingSpree the Bludgeoner (Deep Dwarf Fighter)    Turns: 2722, Time: 00:07:19

Health: 0/129      AC: 25    Str: 24    XL:     12   Next: 80%
Magic:  9/9        EV: 16    Int: 13    God:    Makhleb [******]
Gold:   1326       SH: 15    Dex: 12    Spells: 11/11 levels left

rFire    . . .     SeeInvis .   x - +2 mace (protect)
rCold    + . .     Gourm    .   c - +0 shield
rNeg     . . .     Faith    .   y - +7 chain mail of Day {rC+ Regen+ Str-5}
rPois    .         Spirit   .   p - +0 helmet
rElec    .         Reflect  .   w - +0 cloak
rCorr    .         Harm     .   (no gloves)
MR       +....     NoTele   +   (no boots)
Stlth    ..........             (no amulet)
HPRegen  0.00/turn              s - +2 ring of evasion
MPRegen  0.11/turn              r - +3 ring of intelligence

@: mighty, lethally poisoned (0 -> 0), protection aura, non-regenerating
A: damage resistance, heal wounds, hooves 1, blink, deformed body, sense
surroundings 2, no regeneration
a: Heal Wounds, Blink, Minor Destruction, Lesser Servant of Makhleb, Major
Destruction, Greater Servant of Makhleb, Renounce Religion


You were in the Dungeon.
You worshipped Makhleb.
Makhleb was exalted by your worship.
You were hungry.

You visited 1 branch You collected 1918 gold pieces.
You spent 592 gold pieces at shops.

Inventory:

Hand Weapons
 a - a +0 flail
 x - a +2 mace of protection (weapon)
 B - a +1 morningstar of holy wrath
Missiles
 v - 2 throwing nets (quivered)
Armour
 c - a +0 shield (worn)
 j - a +0 chain mail of cold resistance
 p - a +0 helmet (worn)
 q - a +2 ring mail
 w - a +0 cloak (worn)
 y - the +7 chain mail of Day (worn) {rC+ Regen+ Str-5}
   (You bought it in a shop in the Dungeon)

   It affects your strength (-5).
   It protects you from cold.
   It increases your rate of regeneration.
Jewellery
 b - an uncursed ring of protection from fire
 r - a +3 ring of intelligence (right hand)
 s - a +2 ring of evasion (left hand)
 A - an uncursed ring of protection from magic
Wands
 o - a wand of iceblast (10)
Scrolls
 k - 3 scrolls of blinking
 m - 7 scrolls of remove curse
 n - 2 scrolls of amnesia
 t - 2 scrolls of identify
 u - 4 scrolls of enchant armour
 D - a scroll of fear
 E - a scroll of fog
Potions
 e - 6 potions of curing
 g - 10 potions of heal wounds
 h - a potion of haste
 i - 4 potions of magic
 l - a potion of invisibility
 C - a potion of agility
Miscellaneous
 z - a lamp of fire
Comestibles
 f - 11 rations


   Skills:
 + Level 14.6 Fighting
 + Level 17.9 Maces & Flails
 + Level 12.8 Armour
 + Level 12.4 Dodging
 + Level 16.9 Shields
 * Level 8.5 Evocations


You had 11 spell levels left.
You didn't know any spells.

Dungeon Overview and Level Annotations

Branches:
Dungeon (1/1)

Altars:
Cheibriados
Dithmenos
Elyvilon
Fedhas
Gozag
Hepliaklqana
Kikubaaqudgha
Makhleb
Nemelex Xobeh
Okawaru
Qazlal
Ru
Sif Muna
Trog
Uskayaw
Vehumet
Wu Jian
Xom
Yredelemnul
Zin
The Shining One
Beogh
Jiyva
Lugonu

Shops:
D [?[}


Innate Abilities, Weirdness & Mutations

You are resistant to damage.
You can heal yourself by infusing magical energy.
You passively map the area around you.
You do not regenerate.
You have large cloven feet.
You can translocate small distances at will.
Armour fits poorly on your strangely shaped body.


Message History

The fire giant closely misses you.
You completely miss the fire giant. You kick the fire giant.
The fire giant is severely wounded.
The fire giant points at you and mumbles some strange words.
The fireball explodes!
The fireball engulfs you!
* * * LOW HITPOINT WARNING * * *
The fireball engulfs the fire giant.
The fire giant resists.
Unknown command.
You feel much better.
The rakshasa weaves an illusion.
The fire giant points at you and mumbles some strange words.
The bolt of fire hits you!
* * * LOW HITPOINT WARNING * * *
The fire giant casts a spell at you.
The bolt of fire hits the fire giant.
The fire giant resists.
The bolt of fire misses you.
You feel much better.
The fire giant points at you and mumbles some strange words.
The bolt of fire hits you!
You die...

, , *
▓.▓.▓.▓.▓.▓.▓ *
*, *,
,▓.▓.▓∩▓.▓.▓.▓.▓
*
,▓R▓.▓.▓.▓(▓.▓÷▓
* , *,
▓C▓.▓∩▓.▓.▓.▓[▓ ,
, ▓c▓.▓.▓.▓.▓.▓.▓
, , , ,
▓C▓.▓∩▓.▓.▓.▓.▓
*, ,* *,
,▓C▓.▓.▓.▓.▓.▓.▓
, , ,
▓C▓.▓∩▓.▓.▓.▓[▓ ,
* ,
▓@▓.▓.▓.▓.▓.▓)▓ ,
* ▓)▓.▓.▓.▓†▓.▓|▓
* * *
,▓)▓.▓.▓.▓.▓.▓.▓
* * *
,▓)▓(▓.▓.▓.▓.▓.▓
* * * *
▓.▓.▓)▓.▓'▓.▓'▓ *
▓.▓.▓)▓.▓.▓.▓_▓
*,▓.▓.▓.▓.▓.▓.▓_▓
, ,
▓.▓.▓.▓.▓.▓.▓_▓ ,
, ▓.▓.▓.▓.▓.▓.▓_▓


You could see 2 fire giants, a stone giant, an ettin, a rakshasa and a yaktaur.

Vanquished Creatures
  A fire giant (D)
  2 dire elephants (D)
  A hydra (D)
  A centaur warrior (D)
  A two-headed ogre (D)
  8 orc high priests (D)
  Sonja (D)
  2 unseen horrors (D)
  A flayed ghost (D)
  9 orc knights (D)
  A deep elf mage (D)
  An orc sorcerer (D)
  7 elephants (D)
  Joseph (D)
  A manticore (D)
  2 black mambas (D)
  A spiny frog (D)
  A gargoyle (D)
  A komodo dragon (D)
  A hornet (D)
  A shadow (D)
  A yak (D)
  2 basilisks (D)
  A wyvern (D)
  A hungry ghost (D)
  5 water moccasins (D)
  2 porcupines (D)
  10 orc warriors (D)
  An ogre (D)
  2 wolves (D)
  3 bullfrogs (D)
  A killer bee (D)
  A hound (D)
  4 orc wizards (D)
  3 orc priests (D)
  An iguana (D)
  A worker ant (D)
  An adder (D)
  2 adder skeletons (D)
  A dart slug (D)
  4 orcs (D)
  3 goblins (D)
  A hobgoblin (D)
  A bat (D)
  A frilled lizard (D)
98 creatures vanquished.

Vanquished Creatures (others)
  A spatial maelstrom (D)
1 creature vanquished.

Grand Total: 99 creatures vanquished

Notes
Turn   | Place    | Note
-------+----------+-------------------------------------------
     0 | D        | KillingSpree the Deep Dwarf Fighter began the quest for the Orb.
     0 | D        | Reached XP level 1. HP: 20/20 MP: 1/1
    13 | D        | Reached skill level 3 in Maces & Flails
    26 | D        | Reached skill level 4 in Maces & Flails
    30 | D        | Noticed a worker ant
    30 | D        | Noticed a hound
    35 | D        | Reached XP level 2. HP: 27/27 MP: 2/2
    43 | D        | Reached skill level 6 in Maces & Flails
    43 | D        | Reached XP level 3. HP: 28/33 MP: 3/3
    46 | D        | Banished a spatial maelstrom
    49 | D        | Reached skill level 8 in Maces & Flails
   156 | D        | Found a roughly hewn altar of Beogh.
   156 | D        | Found a snail-covered altar of Cheibriados.
   156 | D        | Found a shadowy altar of Dithmenos.
   156 | D        | Found a white marble altar of Elyvilon.
   156 | D        | Found a blossoming altar of Fedhas.
   156 | D        | Found an opulent altar of Gozag.
   157 | D        | Found a hazy altar of Hepliaklqana.
   158 | D        | Found a viscous altar of Jiyva.
   159 | D        | Found an ancient bone altar of Kikubaaqudgha.
   160 | D        | Found a corrupted altar of Lugonu.
   161 | D        | Found a burning altar of Makhleb.
   162 | D        | Found a sparkling altar of Nemelex Xobeh.
   163 | D        | Found an iron altar of Okawaru.
   164 | D        | Found a stormy altar of Qazlal.
   165 | D        | Found a sacrificial altar of Ru.
   166 | D        | Found a deep blue altar of Sif Muna.
   167 | D        | Found a bloodstained altar of Trog.
   168 | D        | Found a hide-covered altar of Uskayaw.
   169 | D        | Found a radiant altar of Vehumet.
   171 | D        | Became a worshipper of Makhleb the Destroyer
   173 | D        | Found an ornate altar of the Wu Jian Council.
   174 | D        | Found a shimmering altar of Xom.
   175 | D        | Found a basalt altar of Yredelemnul.
   176 | D        | Found a glowing silver altar of Zin.
   177 | D        | Found a glowing golden altar of the Shining One.
   221 | D        | Noticed a killer bee
   221 | D        | Noticed a bullfrog
   230 | D        | Reached XP level 4. HP: 32/40 MP: 4/4
   238 | D        | Killed a bullfrog
   238 | D        | Reached skill level 9 in Maces & Flails
   238 | D        | Reached skill level 1 in Dodging
   238 | D        | Reached XP level 5. HP: 22/50 MP: 5/5
   240 | D        | Reached * piety under Makhleb
   291 | D        | Killed an unseen horror
   291 | D        | Reached skill level 11 in Maces & Flails
   291 | D        | Reached XP level 6. HP: 36/63 MP: 6/6
   291 | D        | Reached XP level 7. HP: 41/70 MP: 7/7
   298 | D        | Reached ** piety under Makhleb
   310 | D        | Noticed a hungry ghost
   310 | D        | Noticed a two-headed ogre
   310 | D        | Noticed a yak
   310 | D        | Noticed a hornet
   316 | D        | Killed a hornet
   316 | D        | Reached skill level 12 in Maces & Flails
   323 | D        | Reached XP level 8. HP: 61/80 MP: 7/7
   336 | D        | Reached *** piety under Makhleb
   336 | D        | Reached skill level 5 in Dodging
   352 | D        | Killed a two-headed ogre
   352 | D        | Reached skill level 13 in Maces & Flails
   364 | D        | Gained mutation: You passively map the area around you. [Deep Dwarf growth]
   364 | D        | Reached XP level 9. HP: 69/90 MP: 6/6
   459 | D        | Gained mutation: You can translocate small distances at will. [potion of mutation]
   459 | D        | Gained mutation: You have large cloven feet. [potion of mutation]
   481 | D        | Noticed an eight-headed hydra
   481 | D        | Noticed a black mamba
   481 | D        | Noticed a black mamba
   500 | D        | Killed an eight-headed hydra
   500 | D        | Reached **** piety under Makhleb
   500 | D        | Reached skill level 14 in Maces & Flails
   507 | D        | Killed a black mamba
   515 | D        | Killed a black mamba
   515 | D        | Reached skill level 10 in Fighting
   515 | D        | Reached skill level 10 in Shields
   520 | D        | Reached ***** piety under Makhleb
   563 | D        | Noticed an elephant
   563 | D        | Noticed a komodo dragon
   563 | D        | Noticed a spiny frog
   570 | D        | Killed a spiny frog
   570 | D        | Reached XP level 10. HP: 91/103 MP: 7/7
   582 | D        | Reached skill level 15 in Maces & Flails
   625 | D        | Killed an elephant
   629 | D        | Reached ****** piety under Makhleb
   768 | D        | Noticed an elephant
   768 | D        | Noticed an elephant
   768 | D        | Noticed a dire elephant
   768 | D        | Noticed an elephant
   768 | D        | Noticed an elephant
   768 | D        | Noticed a dire elephant
   776 | D        | Noticed an elephant
   776 | D        | HP: 4/104 [dire elephant (21)]
   803 | D        | Killed a dire elephant
   803 | D        | Reached skill level 10 in Armour
   819 | D        | Killed a dire elephant
   829 | D        | Killed an elephant
   843 | D        | Killed an elephant
   843 | D        | Reached skill level 10 in Dodging
   843 | D        | Reached XP level 11. HP: 76/114 MP: 7/7
   854 | D        | Reached skill level 16 in Maces & Flails
  1090 | D        | Noticed Sonja
  1167 | D        | Noticed an orc sorcerer
  1194 | D        | Killed an orc sorcerer
  1376 | D        | Noticed an orc knight
  1376 | D        | Noticed an orc knight
  1388 | D        | Killed an orc knight
  1389 | D        | Noticed an orc knight
  1408 | D        | Noticed an orc knight
  1418 | D        | Killed an orc knight
  1429 | D        | Killed an orc knight
  1470 | D        | Killed an orc knight
  1536 | D        | Found Loseir's Gadget Boutique.
  1536 | D        | Noticed an orc high priest
  1536 | D        | Noticed an orc knight
  1536 | D        | Noticed an orc high priest
  1536 | D        | Noticed an orc knight
  1536 | D        | Noticed an orc knight
  1537 | D        | Noticed a sun demon
  1538 | D        | Noticed an orc knight
  1545 | D        | Killed an orc knight
  1546 | D        | Noticed a soul eater
  1555 | D        | Killed an orc knight
  1557 | D        | Noticed a soul eater
  1573 | D        | Noticed an orc high priest
  1574 | D        | Noticed an orc high priest
  1575 | D        | Noticed a soul eater
  1576 | D        | Killed an orc high priest
  1597 | D        | Gained mutation: Armour fits poorly on your strangely shaped body. [a neqoxec]
  1686 | D        | Killed an orc knight
  1686 | D        | Reached skill level 15 in Shields
  1695 | D        | Killed an orc high priest
  1695 | D        | Reached skill level 17 in Maces & Flails
  1828 | D        | Killed an orc knight
  1828 | D        | Reached XP level 12. HP: 39/126 MP: 5/5
  1884 | D        | Killed an orc high priest
  2026 | D        | Killed an orc high priest
  2031 | D        | Noticed an orc high priest
  2042 | D        | Killed an orc high priest
  2054 | D        | Found Nezxasae's Armour Shop.
  2058 | D        | Found Tiumasyt's Magic Scroll Boutique.
  2062 | D        | Found Quridiso's Antique Armour Shop.
  2065 | D        | Noticed an orc high priest
  2067 | D        | Noticed an orc high priest
  2067 | D        | Noticed an orc high priest
  2097 | D        | HP: 2/127 [orc high priest/divine providence (13)]
  2151 | D        | Killed an orc high priest
  2170 | D        | Killed an orc high priest
  2206 | D        | Killed an orc high priest
  2206 | D        | Reached skill level 5 in Evocations
  2386 | D        | Bought a transparent chain mail for 152 gold pieces
  2396 | D        | Identified the +7 chain mail of Day {rC+ Regen+ Str-5} (You bought it in a shop in the Dungeon)
  2402 | D        | Bought a lamp of fire for 440 gold pieces
  2452 | D        | Noticed Joseph
  2478 | D        | Killed Joseph
  2504 | D        | Killed Sonja
  2578 | D        | Noticed a centaur warrior
  2616 | D        | Killed a centaur warrior
  2664 | D        | Noticed a rakshasa
  2678 | D        | Noticed a fire giant
  2688 | D        | Noticed a fire giant
  2699 | D        | Noticed an ettin
  2702 | D        | Killed a fire giant
  2705 | D        | Noticed a stone giant
  2722 | D        | Killed from afar by a fire giant (illusionary)

Vault maps used:
D:        linesprint

Skill      XL: |  1  2  3  4  5  6  7  8  9 10 11 12 |
---------------+-------------------------------------+-----
Maces & Flails | 4 6 8 9 11 12 13 14 15 17 | 17.9
Fighting       | 3 6 7 8 10 12 13 14 | 14.6
Armour         | 4 7 8 9 10 11 12 | 12.8
Dodging        | 1 4 6 8 10 11 12 | 12.4
Shields        | 4 7 8 10 12 15 16 | 16.9
Evocations     | 8 |  8.5

Action                   |  1- 3 |  4- 6 |  7- 9 | 10-12 || total
-------------------------+-------+-------+-------+-------++-------
Melee: Flail             |    48 |    58 |   124 |   354 ||   584
       Kick              |       |       |    23 |   288 ||   311
       Mace              |       |       |       |   366 ||   366
Invok: Lesser Servant of |       |       |       |     2 ||     2
 Abil: Heal Wounds       |       |     1 |     3 |    29 ||    33
  Use: Potion            |       |     2 |     2 |     4 ||     8
       Scroll            |       |       |       |     1 ||     1
  Eat: Chunk             |       |       |     3 |     7 ||    10
Armor: Scale mail        |    18 |       |       |       ||    18
       Ring mail         |     6 |    29 |    23 |    66 ||   124
       Chain mail        |       |       |       |    62 ||    62
Dodge: Dodged            |    11 |    22 |    41 |   199 ||   273
Block: Shield            |    20 |    24 |    58 |   273 ||   375

Table legend:
 A = Spawn XP
 B = Non-spawn XP
 C = Spawn XP percentage of total XP
 D = Spawn monster count
 E = Non-spawn monster count
 F = Spawn count percentage of total count
 G = Total turns spent on level
                    A         B        C        D         E        F      G
               +---------+---------+-------+---------+---------+-------+---------
         Total |       0 |   34819 |   0.0 |       0 |      98 |   0.0 |  2722
               +---------+---------+-------+---------+---------+-------+---------
             D |       0 |   34819 |   0.0 |       0 |      98 |   0.0 |  2722
               +---------+---------+-------+---------+---------+-------+---------
